AoeStats
← Darkin

Glade

510380231Analyzed
1v1 RM · 3d ago on Sep 30, 2026· 38m 45s· 2 players
Game mode
Random Map
Map size
Tiny (2 player)
Population
200
Speed
Normal
Resources
Standard
Victory
Conquest
Starting age
Dark Age
Ending age
Imperial Age
RankedLock teamsTeams togetherTeam positionsShared explorationLock speedFull tech treeHidden civsTurbo modeCheats
Victory
Defeat
🇵🇱 Teutons · Poland
535
+17
🇨🇿 Franks · Czechia
556
-26
maniekXIX
0:28 Loom
11:24 Feudal Age
12:44 Wheelbarrow
11:52 Horse Collar
12:02 Double-Bit Axe
13:08 Town Watch
21:36 Castle Age
20:06 Forging
20:14 Fletching
23:00 Stone Mining
23:01 Gold Mining
23:30 Hand Cart
23:30 Heavy Plow
23:43 Bow Saw
24:16 Stone Shaft Mining
31:23 Ballistics
31:14 Masonry
31:02 Bodkin Arrow
37:41 Imperial Age
37:05 Ironclad
39:02 Hoardings
Darkin
1:29 Loom
10:42 Feudal Age
11:13 Double-Bit Axe
16:02 Wheelbarrow
16:14 Forging
16:06 Scale Mail Armor
16:12 Scale Barding Armor
16:24 Gold Mining
26:11 Fletching
26:21 Padded Archer Armor
28:55 Castle Age
26:56 Man-at-Arms
30:10 Chain Barding Armor
30:06 Chain Mail Armor
30:27 Iron Casting
33:28 Gold Shaft Mining
35:12 Crossbowman
Connection lost

Rejoining the realm…

Still unreachable

The connection could not be restored.

Session expired

The server has moved on; the page needs a fresh start.